 Dungeon Crawl Stone Soup version 0.27.1 (webtiles) character file.

Game seed: 15887519828011463915

202610 ZARRMARR the Sorcerer (level 17, -13/80 HPs)
             Began as a Deep Elf Air Elementalist on Sept 1, 2021.
             Was an Elder of Sif Muna.
             Mangled by a rockslime (29 damage)
             ... on level 5 of the Lair of Beasts.
             The game lasted 06:50:42 (68622 turns).

ZARRMARR the Sorcerer (Deep Elf Air Elementalist)  Turns: 68622, Time: 06:50:42

Health: -13/80     AC: 19    Str:  8    XL:     17   Next: 95%
Magic:  0/46       EV: 25    Int: 28    God:    Sif Muna [****..]
Gold:   459        SH:  0    Dex: 19    Spells: 29/63 levels left

rFire    . . .     SeeInvis +   N - staff of air
rCold    . . .     Faith    .   (no shield)
rNeg     . . .     Spirit   +   W - +4 acid dragon scales of Nidghyoss {rPois rCorr Dex+4}
rPois    +         Reflect  .   Q - +2 hat
rElec    +         Harm     .   r - +2 cloak
rCorr    +         Rampage  .   h - +2 pair of gloves
Will     +....                  b - +0 pair of boots
Stlth    ++........             M - amulet "Odaik" {Spirit Regen+ Str+3 SInv}
HPRegen  1.23/turn              T - ring of wizardry
MPRegen  0.30/turn              O - +4 ring of evasion

@: hasted, studying Bows, very quick
A: no striking features
}: 1/15 runes: gossamer
a: Renounce Religion, Channel Magic, Forget Spell, Divine Exegesis


You were on level 5 of the Lair of Beasts.
You worshipped Sif Muna.
Sif Muna was greatly pleased with you.
You visited 8 branches of the dungeon, and saw 32 of its levels.
You also visited: Bailey.

You collected 3224 gold pieces.
You spent 2765 gold pieces at shops.

Inventory:

Hand Weapons
 Z - a +6 vorpal shortbow
Missiles
 d - 484 arrows
 q - 4 boomerangs of dispersal
 u - 5 curare-tipped darts (quivered)
Armour
 b - a +0 pair of boots (worn)
 h - a +2 pair of gloves (worn)
 r - a +2 cloak (worn)
 E - +5 steam dragon scales
 Q - a +2 hat (worn)
 W - the +4 acid dragon scales of Nidghyoss (worn) {rPois rCorr Dex+4}
   (You took it off a kobold in a bailey)

   Dex:       It affects your dexterity (+4).
   rPois:     It protects you from poison.
   rCorr:     It protects you from acid and corrosion.
Magical Staves
 N - a staff of air (weapon)
Jewellery
 s - a ring of positive energy
 M - the amulet "Odaik" (around neck) {Spirit Regen+ Str+3 SInv}
   (You acquired it on level 9 of the Dungeon)

   [amulet of guardian spirit]

   It causes incoming damage to be divided between your reserves of health and
   magic.
   Str:       It affects your strength (+3).
   SInv:      It lets you see invisible.
   Regen:     It increases your rate of health regeneration.
 O - a +4 ring of evasion (right hand)
 R - a ring of positive energy
 T - a ring of wizardry (left hand)
 X - a ring of ice
Wands
 c - a wand of iceblast (13)
 A - a wand of paralysis (27)
 H - a wand of polymorph (22)
 J - a wand of digging (5)
Scrolls
 e - 5 scrolls of fog
 f - 6 scrolls of fear
 i - a scroll of brand weapon
 j - 3 scrolls of silence
 v - 4 scrolls of immolation
 w - a scroll of enchant armour
 y - 3 scrolls of vulnerability
 B - 3 scrolls of identify
 C - 6 scrolls of amnesia
 D - 3 scrolls of torment
 P - a scroll of holy word
 U - 4 scrolls of magic mapping
Potions
 g - 9 potions of curing
 l - a potion of invisibility
 m - a potion of brilliance
 n - 4 potions of flight
 o - 3 potions of haste
 t - 4 potions of might
 x - 3 potions of cancellation
 z - 6 potions of lignification
 G - a potion of berserk rage
 I - 5 potions of ambrosia
 V - 2 potions of resistance
Miscellaneous
 a - a phantom mirror
 k - a box of beasts
 p - a tin of tremorstones (2/2)
 F - a piece from Xom's chessboard (15/15)


   Skills:
 + Level 1.4 Bows
 * Level 16.1 Dodging
 - Level 2.4 Stealth
 + Level 23.5 Spellcasting
 - Level 1.1 Conjurations
 + Level 18.0 Air Magic
 * Level 13.3 Invocations


You had 29 spell levels left.
You knew the following spells:

 Your Spells              Type           Power      Damage    Failure   Level
a - Airstrike             Air            58%        N/A       0%          4
b - Summon Lightning Spi  Summ/Air       90%        N/A       1%          4
c - Apportation           Tloc           66%        N/A       1%          1
d - Lightning Bolt        Conj/Air       46%        1d66      1%          5
e - Swiftness             Air            100%       N/A       0%          3
f - Shock                 Conj/Air       100%       1d9       1%          1
g - Passwall              Tmut/Erth      27%        N/A       1%          2
h - Conjure Ball Lightni  Conj/Air       46%        3x3d16    2%          6
i - Maxwell's Capacitive  Air            58%        ∞         2%          8

Your spell library contained the following spells:

 Spells                   Type           Power      Damage    Failure   Level
 Animate Skeleton         Necr           66%        N/A       1%          1
 Corona                   Hex            36%        N/A       1%          1
 Foxfire                  Conj/Fire      100%       2x1d9     1%          1
 Freeze                   Ice            100%       1d11      1%          1
 Pain                     Necr           100%       1d9       1%          1
 Sandblast                Erth           66%        2d15      1%          1
 Summon Small Mammal      Summ           100%       N/A       1%          1
 Corpse Rot               Necr/Air       N/A        N/A       1%          2
 Ensorcelled Hibernation  Hex/Ice        66%        N/A       1%          2
 Poisonous Vapours        Pois/Air       100%       N/A       1%          2
 Static Discharge         Conj/Air       92%        N/A       1%          2
 Sublimation of Blood     Necr           16%        N/A       1%          2
 Wereblood                Tmut           33%        N/A       1%          2
 Conjure Flame            Conj/Fire      36%        6-21      1%          3
 Mephitic Cloud           Conj/Pois/Air  80%        N/A       1%          3
 Stone Arrow              Conj/Erth      72%        3d11      1%          3
 Silence                  Hex/Air        45%        N/A       1%          5
 Confusing Touch          Hex            33%        N/A       2%          3
 Frozen Ramparts          Ice            66%        1d8       2%          3
 Ignite Poison            Fire/Tmut/Pois 33%        N/A       2%          3
 Inner Flame              Hex/Fire       33%        N/A       2%          3
 Spider Form              Tmut/Pois      16%        N/A       2%          3
 Tukima's Dance           Hex            33%        N/A       2%          3
 Vampiric Draining        Necr           16%        2d8       2%          3
 Hailstorm                Conj/Ice       36%        3d9       6%          4
 Animate Armour           Summ/Erth      66%        N/A       8%          4
 Olgreb's Toxic Radiance  Pois           33%        N/A       8%          4
 Passage of Golubria      Tloc           N/A        N/A       8%          4
 Petrify                  Tmut/Erth      33%        N/A       8%          4
 Iskenderun's Battlesphe  Conj           39%        2d9       12%         5
 Bolt of Magma            Conj/Fire/Erth 17%        4d9       16%         5
 Fireball                 Conj/Fire      18%        3d9       16%         5
 Irradiate                Conj/Tmut      18%        3d20      16%         5
 Agony                    Necr           33%        N/A       21%         5
 Excruciating Wounds      Necr           16%        N/A       21%         5
 Metabolic Englaciation   Hex/Ice        16%        N/A       21%         5
 Summon Forest            Summ/Tloc      16%        N/A       21%         5
 Yara's Violent Unravell  Hex/Tmut       16%        3d8       21%         5
 Iron Shot                Conj/Erth      18%        9d4       61%         6
 Starburst                Conj/Fire      18%        6d7       61%         6
 Eringya's Noxious Bog    Tmut/Pois      16%        N/A       69%         6
 Shadow Creatures         Summ           N/A        N/A       69%         6
 Orb of Destruction       Conj           19%        9d9       97%         7
 Monstrous Menagerie      Summ           16%        N/A       99%         7
 Spellforged Servitor     Conj/Summ      18%        N/A       99%         7
 Summon Hydra             Summ           16%        N/A       99%         7
 Discord                  Hex            16%        N/A       100%        8
 Lehudib's Crystal Spear  Conj/Erth      18%        10d5      100%        8
 Chain Lightning          Conj/Air       46%        3d61      100%        9
 Fire Storm               Conj/Fire      18%        8d5       100%        9


Dungeon Overview and Level Annotations

Branches:
Dungeon (15/15)            Temple (1/1) D:4            Lair (6/6) D:8
  Swamp (2/4) Lair:3       Spider (4/4) Lair:2        Slime (1/5) Lair:5
    Orc (2/2) D:12            Elf (0/3) Orc:2        Vaults (0/5) D:13
 Depths (1/5) D:15         Bailey (visited)

Altars:
Ashenzari
Cheibriados
Dithmenos
Elyvilon
Fedhas
Gozag
Hepliaklqana
Kikubaaqudgha
Makhleb
Nemelex Xobeh
Okawaru
Qazlal
Ru
Sif Muna
Trog
Uskayaw
Vehumet
Wu Jian
Xom
Yredelemnul
Zin
The Shining One
Beogh
Jiyva
Lugonu

Shops:
D:5 :   D:8 *:   D:9 [[?[[   D:12 *   D:15 [*   Orc:1 (   Orc:2 =(?(

Portals:
Hell: Depths:1
Abyss: Lair:6 Depths:1
Pandemonium: Depths:1

Annotations:
Swamp:2 Roxanne
Spider:4 1 runed translucent door, ZARRMARR's ghost, adept MiBe
Orc:1 1 runed translucent door


Message History

You resist with almost no effort. The golden eye blinks at you.
You resist with almost no effort. The golden eye blinks at you.
You are more confused.
The golden eye blinks at you. You resist with almost no effort.
The golden eye blinks at you. You resist with almost no effort.
You bump into the rock wall.
The golden eye blinks at you.
You are more confused.
The golden eye blinks!
You hit the rockslime but do no damage.
The rockslime is electrocuted.
The rockslime is lightly wounded.
The golden eye blinks at you.
You are more confused.
The rockslime completely misses you.
You feel yourself slow down. The golden eye blinks at you.
You resist with almost no effort. The rockslime barely misses you.
You barely miss the golden eye. The golden eye blinks at you.
You resist with almost no effort. The golden eye blinks at you.
You resist with almost no effort. The rockslime misses you.
You feel yourself speed up. The golden eye blinks at you.
You resist with almost no effort. The rockslime hits you!!!
* * * LOW HITPOINT WARNING * * *
You hold your ground!
The golden eye blinks at you.
You easily resist.
You are more confused.
You feel invigorated. The rockslime hits you!
* * * LOW HITPOINT WARNING * * *
You hold your ground!
The golden eye blinks!
Unknown command.
You feel better.
You feel less invigorated. The rockslime hits you!!
You die...

###....# ######.####.......
#.#...#####.#.#.#.##........
##.....#P##.................
#........>..#.#..##..#>.....
##...........####.###.......
##.....#......P.P.#..........
#P....#.###G.§...............
#...######PPGJ...............
##.## #..@.##...###....... #..#
#.P...##.#.#.#...... ###..#
###.....##..#.......
#..<.######...................
##......#.###............(.....
#..............................
##...##.......#....#...........
#...[###.PPP..##P......P.P.....
#...####...P..##..........P....


You could see a rockslime and 2 golden eyes.

Vanquished Creatures
  A lich (Depths:1)
  Gastronok (Lair:3)
  2 ghost moths
  4 emperor scorpions (Spider:4)
  A frost giant (Depths:1)
  An orc warlord (Orc:1)
  13 very ugly things
  6 entropy weavers
  A spark wasp (Spider:4)
  2 fire dragons
  An ettin (D:15)
  A rakshasa (Depths:1)
  A vault guard (D:13)
  9 boulder beetles
  8 hydras
  An ice dragon (D:15)
  Fannar (Lair:3)
  2 ghost crabs (Lair:3)
  2 centaur warriors (D:15)
  Erica (D:10)
  5 two-headed ogres
  11 death yaks
  A tengu warrior (Depths:1)
  8 death scarabs (Spider:4)
  3 thrashing horrors (Lair:6)
  3 orc high priests (Orc:2)
  An iron troll (Depths:1)
  A sun demon (Depths:1)
  Nergalle (Lair:4)
  5 fire crabs (Lair:3)
  A torturous demonspawn (D:15)
  A spriggan druid (Swamp:2)
  A swamp dragon (Swamp:1)
  A spectral wolf spider (Spider:4)
  2 orc knights
  2 deep elf pyromancers
  A wolf spider zombie (Spider:4)
  26 wolf spiders
  2 orc sorcerers (Orc:2)
  12 orb spiders
  A salamander (Depths:1)
  4 cyclopes
  2 manticores
  25 ugly things
  10 elephants (Lair:6)
  2 moths of wrath
  8 black mambas
  Joseph (D:10)
  An apocalypse crab (Lair:3)
  A rust devil (Depths:1)
  A gargoyle (D:11)
  An eye of devastation (shapeshifter) (Lair:6)
  5 cane toads
  2 smoke demons (Lair:6)
  A torpor snail (shapeshifter) (Lair:6)
  A freezing wraith (D:13)
  4 komodo dragons
  16 demonic crawlers
  A rime drake (shapeshifter) (D:14)
  An efreet (D:14)
  2 redback zombies (Spider:4)
  6 yaktaurs (D:15)
  An ice devil (Depths:1)
  2 ancient zymes (Lair:6)
  4 trolls
  2 polar bears
  A tyrant leech (Swamp:1)
  34 jumping spiders
  6 hornets
  2 spectral jumping spiders (Spider:4)
  3 slime creatures (D:14)
  Prince Ribbit (D:5)
  Grinder (D:5)
  2 jumping spider zombies (Spider:4)
  17 blink frogs
  5 dream sheep (Lair:4)
  52 redbacks
  8 small abominations (Lair:6)
  2 vampires (D:11)
  2 wraiths (D:12)
  33 yaks
  A shadow (D:12)
  2 spriggans (Lair:6)
  Eustachio (D:6)
  2 wyverns
  39 tarantellas
  3 basilisks
  2 fire elementals (D:15)
  2 chaos spawn (Lair:6)
  A steam dragon (D:9)
  2 wargs
  A swamp worm (Swamp:1)
  15 vampire mosquitoes
  3 hell hounds (D:15)
  An acid dragon (D:13)
  19 water moccasins
  2 spectral hornets (Spider:4)
  17 orc warriors
  An ice beast (D:6)
  3 black bears
  A necrophage (D:5)
  26 wolves
  8 ogres
  3 sky beasts
  A phantom (D:6)
  7 centaurs
  2 kobold brigands
  10 bullfrogs
  A gnoll sergeant (D:13)
  2 scorpions
  2 water moccasin skeletons (D:5)
  10 killer bees
  2 howler monkeys (D:8)
  6 electric eels
  A bullfrog zombie (D:6)
  6 centaur zombies
  A hound (D:5)
  4 jellies
  24 orc priests
  A bullfrog skeleton (D:7)
  A gnoll shaman (D:8)
  Crazy Yiuf (D:7)
  2 iguanas
  17 orc wizards
  A howler monkey zombie (D:9)
  12 gnolls
  A howler monkey skeleton (D:6)
  9 adders
  A shadow imp (D:6)
  An ufetubus (D:5)
  A worm (D:2)
  40 orcs
  6 bats
  5 endoplasms
  A giant cockroach (D:1)
  10 goblins
  9 hobgoblins
  21 kobolds
  A quokka (D:1)
  6 ball pythons
  4 frilled lizards
  11 rats
817 creatures vanquished.

Vanquished Creatures (collateral kills)
  A sphinx (Depths:1)
  The ghost of Golfball the Brawler, a journeyman TrMo of Qazlal (D:12)
  A frost giant (Depths:1)
  2 entropy weavers
  Azrael (D:15)
  A lorocyproca (Depths:1)
  A fire dragon (D:14)
  A slime creature (D:9)
  A hydra (Lair:3)
  A boulder beetle (Spider:2)
  2 two-headed ogres
  A death knight (D:15)
  8 death yaks
  A thrashing horror (Lair:6)
  An orc high priest (Orc:2)
  2 spriggans (Swamp:1)
  2 spectral emperor scorpions (Spider:4)
  A spriggan druid (Swamp:1)
  2 spectral wolf spiders (Spider:4)
  A deep elf pyromancer (D:15)
  6 wolf spiders
  An orc knight (D:15)
  A mana viper (shapeshifter) (Lair:6)
  4 orb spiders
  4 ugly things
  A moth of wrath (Spider:4)
  5 elephants (Lair:6)
  A centaur zombie (D:10)
  An efreet (D:15)
  2 komodo dragons
  2 demonic crawlers
  2 yaktaurs (D:15)
  A redback zombie (Spider:4)
  10 jumping spiders
  A polar bear (Lair:2)
  A troll (Orc:2)
  A tarantella zombie (Spider:4)
  4 hornets
  A spectral tarantella (Spider:4)
  2 dream sheep (Lair:4)
  3 blink frogs
  10 tarantellas
  4 yaks
  12 redbacks
  A fire elemental (D:15)
  2 basilisks
  A water moccasin (Lair:1)
  4 orc warriors
  An ogre (Orc:1)
  2 wolves
  2 centaurs (D:10)
  A small abomination (Lair:6)
  A bullfrog (Lair:3)
  A wight (D:10)
  5 orc priests (Orc:2)
  6 orc wizards (Orc:2)
  2 gnolls
  6 orcs
  3 kobolds (Bailey)
  3 ball lightnings
153 creatures vanquished.

Vanquished Creatures (others)
  6 ball lightnings
  14 bushes (Lair:6)
  121 fungi
  108 plants
249 creatures vanquished.

Grand Total: 1219 creatures vanquished

Notes
Turn   | Place    | Note
-------+----------+-------------------------------------------
     0 | D:1      | ZARRMARR the Deep Elf Air Elementalist began the quest for
                  | the Orb.
     0 | D:1      | Reached XP level 1. HP: 10/10 MP: 6/6
   337 | D:1      | Reached XP level 2. HP: 15/15 MP: 6/8
  1534 | D:2      | Reached XP level 3. HP: 19/19 MP: 8/10
  1554 | D:2      | Found a faded altar of an unknown god.
  2501 | D:2      | Learned a level 3 spell: Swiftness
  2561 | D:3      | Noticed an ogre
  2626 | D:3      | Reached skill level 4 in Spellcasting
  3090 | D:3      | Noticed a scorpion
  3100 | D:3      | Killed a scorpion
  3101 | D:3      | Reached XP level 4. HP: 14/24 MP: 3/12
  3491 | D:4      | Reached XP level 5. HP: 28/28 MP: 7/14
  3499 | D:4      | Reached skill level 5 in Spellcasting
  3634 | D:4      | Found a staircase to the Ecumenical Temple.
  3909 | Temple   | Entered the Ecumenical Temple
  4142 | D:4      | Found a shimmering blue altar of Sif Muna.
  4159 | D:4      | Became a worshipper of Sif Muna the Loreminder
  4513 | D:3      | Found a bloodstained altar of Trog.
  4513 | D:3      | Found a stormy altar of Qazlal.
  4516 | D:3      | Found a snail-covered altar of Cheibriados.
  4538 | D:5      | Entered Level 5 of the Dungeon
  4879 | D:5      | Reached XP level 6. HP: 32/32 MP: 12/16
  4923 | D:5      | Noticed a two-headed ogre
  4947 | D:6      | Found an ancient bone altar of Kikubaaqudgha.
  4948 | D:6      | Noticed Eustachio
  4974 | D:6      | Reached skill level 6 in Spellcasting
  4984 | D:6      | Killed Eustachio
  4985 | D:6      | Reached skill level 5 in Air Magic
  5243 | D:6      | Learned a level 4 spell: Airstrike
  5256 | D:6      | Reached skill level 7 in Spellcasting
  5256 | D:6      | Reached XP level 7. HP: 36/36 MP: 9/19
  5537 | D:5      | Reached skill level 5 in Dodging
  5680 | D:5      | Reached skill level 8 in Spellcasting
  5809 | D:5      | Reached XP level 8. HP: 26/41 MP: 1/22
  5995 | D:5      | Noticed a troll
  6002 | D:5      | Killed a troll
  6245 | D:5      | Reached skill level 9 in Spellcasting
  6343 | D:5      | Noticed Grinder
  6501 | D:5      | Found Qukkaon's Book Shop.
  6505 | D:5      | Noticed Prince Ribbit
  6519 | D:5      | Killed Prince Ribbit
  6541 | D:5      | Killed Grinder
  6542 | D:5      | Reached skill level 10 in Spellcasting
  6753 | D:5      | Found a shadowy altar of Dithmenos.
  7065 | D:5      | Killed a two-headed ogre
  7066 | D:5      | Reached XP level 9. HP: 45/45 MP: 1/25
  7619 | D:3      | Reached skill level 11 in Spellcasting
  8498 | D:6      | Reached * piety under Sif Muna
  9545 | D:6      | Found a white marble altar of Elyvilon.
  9860 | D:7      | Reached skill level 12 in Spellcasting
 10216 | D:7      | Reached XP level 10. HP: 50/50 MP: 4/28
 10646 | D:7      | Found a sparkling altar of Nemelex Xobeh.
 11041 | D:7      | Found a runed translucent door.
 11042 | D:7      | Noticed Crazy Yiuf
 11221 | D:8      | Reached skill level 1 in Invocations
 11437 | D:8      | Reached ** piety under Sif Muna
 11646 | D:8      | Found Xuetan's Book Shoppe.
 11786 | D:8      | Reached skill level 10 in Air Magic
 12138 | D:8      | Found a sacrificial altar of Ru.
 12278 | D:8      | Found Egauz's Assorted Antiques.
 12286 | D:8      | Bought a scroll of enchant armour for 210 gold pieces
 12286 | D:8      | Bought a scroll of identify for 56 gold pieces
 12286 | D:8      | Bought a scroll of identify for 56 gold pieces
 12286 | D:8      | Bought a scroll of identify for 56 gold pieces
 12376 | D:8      | Found a staircase to the Lair.
 12603 | D:8      | Learned a level 4 spell: Summon Lightning Spire
 12646 | D:9      | Reached skill level 13 in Spellcasting
 12743 | D:9      | Found Zifoafiriu's Antique Armour Boutique.
 12765 | D:9      | Found Apigh's Antique Armour Shoppe.
 12921 | D:9      | Found a broken altar of Ashenzari.
 13266 | D:9      | Noticed a two-headed ogre
 13269 | D:9      | Killed a two-headed ogre
 13382 | D:9      | Found Buuluf's Magic Scroll Shop.
 13443 | D:9      | Killed an enormous slime creature
 13611 | D:9      | Found a burning altar of Makhleb.
 13646 | D:9      | Found Nahipog's Armour Shop.
 13663 | D:9      | Found Ruran's Antique Armour Shop.
 13870 | D:10     | Entered Level 10 of the Dungeon
 14015 | D:10     | Noticed Erica
 14261 | D:10     | Learned a level 1 spell: Apportation
 14267 | D:10     | Learned a level 5 spell: Lightning Bolt
 14293 | D:10     | Killed Erica
 14294 | D:10     | Reached XP level 11. HP: 54/54 MP: 10/30
 14482 | D:10     | Found an ornate altar of the Wu Jian Council.
 14524 | D:10     | Found a glowing silver altar of Zin.
 14589 | D:10     | Noticed Joseph
 14596 | D:10     | Killed Joseph
 15332 | D:7      | Killed Crazy Yiuf
 15455 | Lair:1   | Entered Level 1 of the Lair of Beasts
 15912 | Lair:1   | Reached skill level 14 in Spellcasting
 16246 | Lair:1   | Found the +8 whip "Snakebite" {venom, curare, rPois}
 16930 | Lair:1   | Reached skill level 10 in Dodging
 16930 | Lair:1   | Reached skill level 5 in Invocations
 17535 | Lair:2   | Found a hole to the Spider Nest.
 17546 | Lair:2   | Reached skill level 15 in Spellcasting
 18872 | Lair:3   | Reached *** piety under Sif Muna
 18929 | Lair:3   | Found a staircase to the Swamp.
 18943 | Lair:3   | Noticed a four-headed hydra
 18947 | Lair:3   | Killed a four-headed hydra
 18948 | Lair:3   | Reached XP level 12. HP: 59/59 MP: 16/33
 18961 | Lair:3   | Noticed Fannar
 18964 | Lair:3   | Noticed an eight-headed hydra
 18986 | Lair:3   | Noticed a ghost crab
 19191 | Lair:3   | Killed an eight-headed hydra
 19222 | Lair:3   | Noticed Gastronok
 19511 | Lair:3   | Killed Fannar
 19622 | Lair:3   | Found a runed translucent door.
 19916 | Lair:3   | Killed Gastronok
 19917 | Lair:3   | Reached skill level 16 in Spellcasting
 20565 | Lair:3   | Found a staircase to the Swamp.
 21633 | Lair:4   | Noticed a death yak
 21633 | Lair:4   | Noticed a death yak
 21635 | Lair:4   | Noticed a death yak
 21635 | Lair:4   | Noticed a death yak
 21637 | Lair:4   | Noticed a death yak
 21639 | Lair:4   | Killed a death yak
 21640 | Lair:4   | Killed a death yak
 21782 | Lair:4   | Noticed a death yak
 21782 | Lair:4   | Noticed a death yak
 21782 | Lair:4   | Noticed a death yak
 21782 | Lair:4   | Noticed a death yak
 21821 | Lair:4   | Noticed Nergalle
 21825 | Lair:4   | Killed Nergalle
 22674 | Lair:4   | Noticed a death yak
 22681 | Lair:4   | Killed a death yak
 22683 | Lair:4   | Killed a death yak
 22684 | Lair:4   | Killed a death yak
 22686 | Lair:4   | Killed a death yak
 22690 | Lair:4   | Killed a death yak
 22953 | Lair:4   | Killed a death yak
 22961 | Lair:4   | Killed a death yak
 22962 | Lair:4   | Reached skill level 17 in Spellcasting
 22962 | Lair:4   | Reached XP level 13. HP: 45/63 MP: 7/36
 24276 | Lair:5   | Found a staircase to the Slime Pits.
 24282 | Lair:5   | Found a viscous altar of Jiyva.
 24766 | Lair:6   | Entered Level 6 of the Lair of Beasts
 25182 | Lair:6   | Reached **** piety under Sif Muna
 26306 | Lair:6   | Reached skill level 18 in Spellcasting
 27943 | Lair:6   | Identified the +11 falchion "Raladinepp" {vamp, Drain rElec
                  | rPois Dex-3}
 28364 | Lair:6   | Reached XP level 14. HP: 68/68 MP: 1/38
 28370 | Lair:6   | Reached ***** piety under Sif Muna
 29255 | Lair:6   | Received a gift from Sif Muna
 29256 | Lair:6   | Got Sif Muna's Catalogue of the Mountains and Lightness
                  | {god gift}
 29395 | Lair:6   | Learned a level 2 spell: Passwall
 29519 | Lair:6   | Found a corrupted altar of Lugonu.
 29519 | Lair:6   | Found a one-way gate to the infinite horrors of the Abyss.
 30245 | Lair:6   | Found a corrupted altar of Lugonu.
 30245 | Lair:6   | Found a one-way gate to the infinite horrors of the Abyss.
 30844 | D:9      | Bought a scroll of acquirement for 624 gold pieces
 30845 | D:9      | Acquired the amulet "Odaik" {Spirit Regen+ Str+3 SInv}
 31055 | D:11     | Found an iron altar of Okawaru.
 31103 | D:11     | Reached skill level 19 in Spellcasting
 32717 | D:12     | Found a runed translucent gate.
 32718 | D:12     | Found a runed translucent gate.
 32718 | D:12     | Noticed Golfball's ghost (journeyman TrMo)
 32721 | D:12     | Found a runed translucent gate.
 32756 | D:12     | Found a flagged portal.
 32805 | Bailey   | Entered a bailey
 32901 | Bailey   | Identified the +4 acid dragon scales of Nidghyoss {rPois
                  | rCorr Dex+4}
 33664 | Bailey   | Learned a level 6 spell: Conjure Ball Lightning
 33759 | D:12     | Found a staircase to the Orcish Mines.
 34141 | D:12     | Found Ulle's Assorted Antiques.
 34147 | D:12     | Bought a scroll of identify for 58 gold pieces
 34233 | D:9      | Bought a scroll of identify for 24 gold pieces
 34233 | D:9      | Bought a scroll of identify for 24 gold pieces
 34343 | D:12     | Found a runed translucent gate.
 34345 | D:12     | Found a runed translucent gate.
 34350 | D:12     | Found a runed translucent gate.
 34419 | D:12     | Found a staircase to the Orcish Mines.
 34571 | D:12     | Found Ulle's Assorted Antiques.
 34996 | D:12     | Received a gift from Sif Muna
 35001 | D:12     | Got Sif Muna's Disquisition on the Creative Frostbite {god
                  | gift}
 35503 | D:13     | Reached skill level 10 in Invocations
 35943 | D:13     | Found a gate to the Vaults.
 36122 | D:9      | Bought a scroll of identify for 24 gold pieces
 36122 | D:9      | Bought a scroll of identify for 24 gold pieces
 36544 | Lair:3   | Reached skill level 15 in Air Magic
 37120 | Lair:3   | Got the Volume of Burning Hexes
 37261 | Lair:3   | Identified the +1 ice dragon scales of Zameam {+Blink rPois
                  | rF- rC++ Int-4 Dex+5}
 37398 | Spider:1 | Entered Level 1 of the Spider Nest
 37405 | Spider:1 | Reached XP level 15. HP: 72/72 MP: 14/40
 37814 | Spider:1 | Reached skill level 20 in Spellcasting
 41270 | Spider:2 | Received a gift from Sif Muna
 41287 | Spider:2 | Got Sif Muna's Incunabulum of Aerial Moulding {god gift}
 41653 | Spider:3 | Noticed a ghost moth
 41765 | Swamp:1  | Entered Level 1 of the Swamp
 42107 | Swamp:1  | You fall into a shaft and drop 1 floor!
 42107 | Swamp:2  | Identified Roxanne's Compendium of Changing
 42107 | Swamp:2  | Noticed Roxanne
 42324 | Slime:1  | Entered Level 1 of the Pits of Slime
 42324 | Slime:1  | Noticed a rockslime
 42324 | Slime:1  | Noticed an azure jelly
 42535 | D:9      | Bought a scroll of identify for 24 gold pieces
 43075 | D:14     | Found an opulent altar of Gozag.
 43394 | D:14     | Identified the +1 hunting sling of Nydia {freeze, Int+7
                  | Dex-5 SInv}
 44060 | D:15     | Entered Level 15 of the Dungeon
 44207 | D:15     | Found Sizym Jeca's Antique Armour Emporium.
 45040 | D:15     | Reached skill level 21 in Spellcasting
 45543 | D:15     | Noticed Azrael
 45552 | D:15     | Killed Azrael
 46536 | D:15     | Found Keraxad's Assorted Antiques.
 46543 | D:15     | Reached XP level 16. HP: 62/76 MP: 22/43
 47242 | D:15     | Found a staircase to the Depths.
 47467 | D:9      | Bought a smoking cloak for 313 gold pieces
 47467 | D:9      | Identified the -3 cloak "Luitief" {rF+++ Will- Int-5 SInv}
                  | (You bought it in a shop on level 9 of the Dungeon)
 47683 | D:12     | Killed Golfball's ghost
 47798 | Orc:1    | Entered Level 1 of the Orcish Mines
 48119 | Orc:1    | Found a runed translucent door.
 48387 | Orc:1    | Found Azais's Weapon Emporium.
 48506 | Orc:2    | Entered Level 2 of the Orcish Mines
 49234 | Orc:2    | Received a gift from Sif Muna
 49239 | Orc:2    | Got Sif Muna's Almanac of Feathery Confrontation {god gift}
 49422 | Orc:2    | Learned a level 8 spell: Maxwell's Capacitive Coupling
 49638 | Orc:2    | Found Hinoeted's Jewellery Emporium.
 49638 | Orc:2    | Found Tesch's Magic Scroll Shoppe.
 49639 | Orc:2    | Found Zara's Antique Weapon Shoppe.
 49643 | Orc:2    | Found Sulynozi's Weapon Emporium.
 49649 | Orc:2    | Bought a scroll of enchant weapon for 112 gold pieces
 49705 | Orc:2    | Found a staircase to the Elven Halls.
 50478 | Depths:1 | Entered Level 1 of the Depths
 50605 | Depths:1 | Noticed a lich
 50615 | Depths:1 | Killed a lich
 50831 | Depths:1 | Found a radiant altar of Vehumet.
 51161 | Depths:1 | Found a one-way gate leading to the halls of Pandemonium.
 52189 | Depths:1 | Identified the +5 arbalest of Sloth {venom, rElec rF+}
 52556 | D:12     | Bought a box of beasts for 1160 gold pieces
 52802 | D:15     | HP: 1/76 [white ugly thing (24)]
 53122 | D:15     | Reached skill level 15 in Dodging
 53390 | D:15     | Found Sizym Jeca's Antique Armour Emporium.
 53405 | D:15     | Found a staircase to the Depths.
 54183 | D:15     | Reached skill level 22 in Spellcasting
 54330 | D:15     | Found Keraxad's Assorted Antiques.
 54640 | D:15     | Found Sizym Jeca's Antique Armour Emporium.
 54652 | D:15     | Found a staircase to the Depths.
 54981 | D:15     | Found Keraxad's Assorted Antiques.
 55128 | D:15     | Found Sizym Jeca's Antique Armour Emporium.
 55141 | D:15     | Found a staircase to the Depths.
 56125 | D:15     | Found Keraxad's Assorted Antiques.
 56553 | D:15     | Found Sizym Jeca's Antique Armour Emporium.
 56565 | D:15     | Found a staircase to the Depths.
 56894 | D:15     | Found Keraxad's Assorted Antiques.
 57041 | D:15     | Found Sizym Jeca's Antique Armour Emporium.
 57054 | D:15     | Found a staircase to the Depths.
 58035 | D:15     | Found Sizym Jeca's Antique Armour Emporium.
 58048 | D:15     | Found a staircase to the Depths.
 58103 | D:15     | Found Keraxad's Assorted Antiques.
 58966 | D:15     | Found Sizym Jeca's Antique Armour Emporium.
 58980 | D:15     | Found a staircase to the Depths.
 59150 | D:15     | Found Keraxad's Assorted Antiques.
 60135 | Depths:1 | Noticed a sphinx
 60148 | Depths:1 | Paralysed by a sphinx for 3 turns
 60158 | Depths:1 | Killed a sphinx
 60555 | Depths:1 | Found a gateway to Hell.
 60879 | Depths:1 | Found a one-way gate leading to the halls of Pandemonium.
 60936 | Depths:1 | Found a radiant altar of Vehumet.
 61162 | Depths:1 | Found a gateway to Hell.
 61921 | Spider:3 | Reached XP level 17. HP: 73/80 MP: 25/45
 64556 | Spider:3 | Reached skill level 1 in Bows
 64906 | Spider:3 | Got the Collected Works on Enchantment
 65294 | Spider:4 | Entered Level 4 of the Spider Nest
 65398 | Spider:4 | Reached skill level 23 in Spellcasting
 67525 | Spider:4 | Found a runed translucent door.
 67526 | Spider:4 | Noticed ZARRMARR's ghost (adept MiBe)
 68214 | Spider:4 | Received a gift from Sif Muna
 68218 | Spider:4 | Got Uduki Ess's Volume of the Toxic Rocks {god gift}
 68313 | Spider:4 | Got a gossamer rune of Zot
 68622 | Lair:5   | Mangled by a rockslime

Illustrated notes

Levels and vault maps discovered:
D:1:      dpeg_arrival_tiny_h, layout_basic
D:2:      layout_loops_ring, shapermc_ecumenical_altar_totnotflames,
          minivault_5, minmay_rat_gold_closets
D:3:      layout_basic, nicolae_overflow_hidden_temple,
          kennysheep_generic_room_15
D:4:      layout_rooms, nicolae_sif_muna_condensation, minmay_temple_entry_mist
D:5:      layout_loops_ring, grunt_dithmenos_smoke, serial_shops,
          nicolae_shop_waterfront, hangedman_decor_opposing,
          hangedman_decor_push, serial_park_tiny_1, uniq_grinder,
          uniq_prince_ribbit1
D:6:      layout_basic, mainiacjoe_overflow_cross_hatched,
          nicolae_elyvilon_temple_path, dk_rats_in_the_wall, uniq_eustachio
D:7:      layout_cave_pools, nemelex_diamond_rough_becter, serial_bayou,
          serial_bayou_ford_a, serial_bayou_crossing, serial_bayou_shore_a,
          serial_bayou_pond_c, uniq_crazy_yiuf_cottage
D:8:      layout_cave_pools, mainiacjoe_overflow_tiny_flanked,
          grunt_lair_entry_orc_guard_hut, serial_shops, shop,
          nicolae_shop_behind_doors
D:9:      layout_loops_corners, lemuel_tele_altar, evilmike_ruin_ashenzari,
          serial_shops, nicolae_stop_n_shop_2, nicolae_shop_waterfront,
          nicolae_take_the_stairs, shop, shop_fountains, glass_columns_a
D:10:     layout_basic, mainiacjoe_overflow_boulevard,
          mainiacjoe_overflow_paths, st_stairs_5, uniq_erica, uniq_joseph
D:11:     layout_irregular_city, okawaru_gym_becter
D:12:     layout_long_grid, david_orc_1_choice, serial_shops,
          nicolae_shop_temple_entry_statues_fountains,
          gammafunk_ghost_hydra_chop, enter_bailey_2,
          kennysheep_decorative_pillar
D:13:     layout_rooms, david_vaults_4
D:14:     layout_irregular_city, grunt_gozag_breadcrumbs
D:15:     grunt_enter_depths_hoard, layout_cave_pods, serial_shops, shop_coins,
          shop_statue, uniq_azrael
Temple:   chequers_temple_sunken
Lair:1:   minmay_guarded_unrand_snakebite, layout_gridlike,
          chequers_serial_rivers_micro_e, chequers_serial_rivers_marsh,
          infiniplex_staircase_pool_2
Lair:2:   layout_hall_layers, spider_nest_entry_a
Lair:3:   gammafunk_mikee_crab_dinner, layout_cave_pods, swamp_mist,
          grunt_megastairs_3, lemuel_fruit_fields, uniq_fannar, uniq_gastronok
Lair:4:   layout_cave_pods, serial_rivers, chequers_serial_rivers_room_b,
          chequers_serial_rivers_micro_e, chequers_serial_rivers_micro_d,
          chequers_serial_rivers_small_b, uniq_nergalle
Lair:5:   layout_gridlike, slime_altar_1, lemuel_old_faithful, lemuel_fruit_tree
Lair:6:   hellmonk_lair_end_abyssal_woods, layout_long_grid
Swamp:1:  layout_falls_marsh, hangedman_swamp_lotus
Swamp:2:  layout_basic_swamp, ebering_ghost_xom, evilmike_swamp_ruin_wall,
          swamp_pool5, lemuel_altar_in_water, uniq_roxanne
Spider:1: layout_spider_delve, hellmonk_watch_for_rolling_rocks
Spider:2: nicolae_spider_mines_2, hangedman_spider_tarantella_strand
Spider:3: layout_spider_delve, einodemon_crawler_minivault
Spider:4: floodkiller_spider_rune_tomb, ebering_ghost_reflecting_pool,
          nicolae_spider_shape
Slime:1:  layout_caves
Orc:1:    layout_caves, serial_shops, nicolae_lakefront_shop, basic_altar,
          lightli_church_of_beogh
Orc:2:    st_orc_mages, layout_diamond_mine
Depths:1: layout_roguey, rand_demon_pan_entry_7, abyss_entry,
          grunt_hell_entry_dis_grunt, kennysheep_crisscross, grunt_decor_cap,
          fiery_altar_vehumet

Skill      XL: |  1  2  3  4  5  6  7  8  9 10 11 12 13 14 15 16 17 |
---------------+----------------------------------------------------+-----
Dodging        | 3 4 5 7 8 9 10 11 12 13 14 15 16 | 16.1
Spellcasting   | 4 5 7 8 10 12 13 15 17 18 19 21 22 23 | 23.5
Air Magic      | 4 5 6 8 9 10 11 13 14 15 16 17 18 | 18.0
Invocations    | 3 5 7 9 10 11 12 13 | 13.3
Bows           | 1 |  1.4
Stealth        | |  2.4
Conjurations   | |  1.1

Action                   |  1- 3 |  4- 6 |  7- 9 | 10-12 | 13-15 | 16-18 || total
-------------------------+-------+-------+-------+-------+-------+-------++-------
Melee: Staff             |     1 |     1 |     6 |    21 |    12 |    15 ||    56
       Whip              |       |       |       |     3 |       |       ||     3
 Fire: Shortbow          |       |       |       |       |       |    21 ||    21
Throw: Dart              |       |       |     8 |       |       |       ||     8
 Cast: Shock             |    94 |    78 |       |       |       |     1 ||   173
       Airstrike         |       |     2 |   108 |   309 |   640 |   460 ||  1519
       Summon Lightning  |       |       |       |    28 |    83 |    99 ||   210
       Apportation       |       |       |       |    61 |   118 |   118 ||   297
       Lightning Bolt    |       |       |       |    23 |    84 |    79 ||   186
       Swiftness         |       |       |       |     6 |    16 |    23 ||    45
       Passwall          |       |       |       |       |    39 |     1 ||    40
       Conjure Ball Ligh |       |       |       |       |     2 |     3 ||     5
       Maxwell's Capacit |       |       |       |       |       |    29 ||    29
Invok: Channel Magic     |       |       |       |    15 |    15 |    24 ||    54
Evoke: Wand              |       |       |     2 |     6 |    85 |    31 ||   124
       Phantom mirror    |       |       |       |       |     1 |     2 ||     3
  Use: Scroll            |     3 |       |     4 |    14 |    25 |    23 ||    69
       Potion            |     1 |     2 |     1 |     2 |     7 |     9 ||    22
Armor: Robe              |     3 |     2 |     5 |     3 |       |       ||    13
       Skin              |     2 |    13 |     3 |       |       |       ||    18
       Steam dragon scal |       |       |       |    19 |    36 |       ||    55
       Acid dragon scale |       |       |       |       |    43 |   166 ||   209
Dodge: Dodged            |     9 |    14 |    29 |    85 |   334 |   577 ||  1048
